 Dungeon Crawl Stone Soup version 0.13.0-25-g43d4df3 (webtiles) character file.

6927 Econoterrorist the Jinx (level 10, -7/44 HPs)
             Began as a Spriggan Enchanter on Oct 29, 2013.
             Was an Elder of Kikubaaqudgha.
             Blown up by Sonja (17 damage)
             ... with a wand of disintegration
             ... on Level 2 of the Orcish Mines.
             The game lasted 01:08:28 (11869 turns).

Econoterrorist the Jinx (Spriggan Enchanter)       Turns: 11869, Time: 01:08:28

HP  -7/44        AC 10     Str  7      XL: 10   Next: 59%
MP   8/30        EV 18     Int 16      God: Kikubaaqudgha [****..]
Gold 786         SH  0     Dex 18      Spells:  6 memorised, 12 levels left

Res.Fire  : + . .   See Invis. : +   i - +0,-1 dagger (protect)
Res.Cold  : + . .   Warding    : .   x - +2 robe {rC+ rF+}
Life Prot.: . . .   Conserve   : .   (shield restricted)
Res.Poison: .       Res.Corr.  : .   (helmet restricted)
Res.Elec. : .       Clarity    : .   G - +0 cloak
Sust.Abil.: . .     Spirit.Shd : .   (gloves unavailable)
Res.Mut.  : .       Stasis     : .   (boots unavailable)
Res.Rott. : .       Flight     : .   (no amulet)
Saprovore : . . .                    (no ring)
                                     (no ring)

@: invisible, very slightly contaminated, drained, very quick, quite resistant
to hostile enchantments, stealthy
A: unfitting armour, see invisible, herbivore 3, speed 3, slow metabolism 2
a: Receive Corpses, Renounce Religion


You were on level 2 of the Orcish Mines.
You worshipped Kikubaaqudgha.
Kikubaaqudgha was greatly pleased with you.
You were not hungry.

You visited 2 branches of the dungeon, and saw 11 of its levels.

You collected 766 gold pieces.

Inventory:

Hand weapons
 i - a +0,-1 dagger of protection (weapon)
 y - a +1,+1 orcish dagger of venom
 H - a +0,+0 sabre
Missiles
 d - 12 darts (quivered)
Armour
 x - a +2 robe of resistance (worn)
 G - a +0 cloak (worn)
Magical devices
 q - a wand of digging (4)
 z - a wand of random effects (12)
 D - a wand of slowing (7)
Comestibles
 g - 4 bread rations
Scrolls
 a - a scroll of magic mapping {unknown}
 e - 3 scrolls of teleportation
 h - 3 scrolls of amnesia
 j - a scroll of blinking
 l - a scroll of fog {unknown}
 o - 2 scrolls of noise {unknown}
 r - a scroll of remove curse {unknown}
 s - 2 scrolls of recharging {unknown}
 u - 2 scrolls of immolation {unknown}
 B - 2 scrolls of enchant weapon II {unknown}
 F - 2 scrolls of curse weapon {unknown}
Potions
 k - a potion of brilliance {unknown}
 m - 2 potions of restore abilities
 n - a potion of agility
 p - a potion of beneficial mutation {unknown}
 t - 3 potions of curing
 v - 2 potions of berserk rage
 w - a potion of resistance {unknown}
 A - a potion of degeneration {unknown}
Books
 c - a book of Maledictions

   Spells                             Type                      Level
   *Corona                            Hexes                        1
   Sure Blade                         Hexes/Charms                 2
   *Ensorcelled Hibernation           Hexes/Ice                    2
   *Confuse                           Hexes                        3
   Enslavement                        Hexes                        4
   *Invisibility                      Hexes                        6
 f - Kikubaaqudgha's Incunabulum of Evil
   (Kikubaaqudgha gifted it to you on level 8 of the Dungeon)

   Spells                             Type                      Level
   Excruciating Wounds                Charms/Necromancy            5
   Agony                              Necromancy                   5
   Dispel Undead                      Necromancy                   5
   Twisted Resurrection               Necromancy                   5
   Simulacrum                         Ice/Necromancy               6
 C - Kikubaaqudgha's Grimoire of Unholy Magic
   (Kikubaaqudgha gifted it to you on level 6 of the Dungeon)

   Spells                             Type                      Level
   Pain                               Necromancy                   1
   *Lethal Infusion                   Charms/Necromancy            2
   Corpse Rot                         Necromancy                   2
   *Vampiric Draining                 Necromancy                   3
   Control Undead                     Necromancy                   4
Rods
 E - a cursed -2 rod of frigid destruction (14/14)
   (You found it on level 6 of the Dungeon)


   Skills:
 - Level 6.0(5.4) Short Blades
 - Level 1.1(0.6) Throwing
 - Level 3.0(2.5) Dodging
 - Level 7.0(6.4) Stealth
 + Level 10.2(9.6) Spellcasting
 - Level 12.0(11.4) Hexes
 - Level 6.0(5.4) Necromancy


You had 12 spell levels left.
You knew the following spells:

 Your Spells              Type           Power        Failure   Level  Hunger
a - Corona                Hex            #####..      1%          1    None
b - Ensorcelled Hibernat  Hex/Ice        ####..       1%          2    None
c - Confuse               Hex            #####...     1%          3    #......
d - Vampiric Draining     Necr           ####......   3%          3    #......
e - Lethal Infusion       Chrm/Necr      ###.......   6%          2    None
f - Invisibility          Hex            #####...     17%         6    ######.


Dungeon Overview and Level Annotations

Branches:
Dungeon (8/27)             Temple (0/1) D:6             Orc (3/4) D:8
    Elf: Orc:3-4       Lair: D:8-13

Altars:
Cheibriados
Elyvilon
Kikubaaqudgha
Nemelex Xobeh
Xom
the Shining One
Beogh

Shops:
Orc:2 (

Portals:
Bailey: Orc:2

Annotations:
Orc:2 Harold, Nergalle, Sonja


Innate Abilities, Weirdness & Mutations

You are tiny and cannot use many weapons and most armour.
You have supernaturally acute eyesight.
You are a herbivore.
You cover ground extremely quickly.
You need consume almost no food.


Message History

The goblin shouts!
The orc wizard shouts!
The goblin shouts!
Sonja shouts!
The orc shouts!
You hear a shout!
The orc shouts!
The orc shouts!
The goblin shouts!
An orc comes into view.
You enter the shallow water.
Moving in this stuff is going to be slow. ...and don't expect to remain undetected.
The goblin picks up some gold.
The goblin misses you.
Sonja zaps a wand.
You resist.
Found 16 gold pieces.
You hit the orc.
The orc is moderately wounded.
The goblin throws a glowing dwarven hand axe.
The glowing dwarven hand axe misses you.
The weapon returns to the goblin!
The goblin throws a runed dwarven hand axe.
The runed dwarven hand axe misses you.
The weapon returns to the goblin!
The orc picks up some gold.
Sonja zaps a wand.
You are blasted!
You die...
Kikubaaqudgha rasps: "You have failed me!
Welcome... death!"

. . ## .$..... #. .
.......... ##
#.###.#.....o# #
#.......g...o.##
#.........$....##
...≈≈≈≈≈..K>......
#.og.og≈..∩.o..@..
#..≈>g.@....#.....#
#...≈...≈..<.o....#
#..≈≈≈g≈)$.).....#
##..oo..$.......#.
######...........
#g...##.##.#o
##.... ## # ..g...
...o.o.


You could see Harold (wandering), Sonja, an orc warrior (wandering), an orc
wizard (wandering), 7 orcs and 7 goblins.

Vanquished Creatures
  An orc knight (Orc:3)
  A troll (Orc:2)
  Eustachio (D:6)
  3 hungry ghosts
  A hill giant skeleton (D:8)
  A manticore (D:8)
  A sky beast (D:8)
  9 orc warriors
  3 ice beasts
  A phantom (D:4)
  3 centaurs
  4 ogres
  Sigmund (D:4)
  4 giant frogs (D:8)
  9 killer bees
  4 wights (D:6)
  5 crimson imps
  A vampire bat (D:6)
  3 goliath beetles
  3 jellies
  2 quasits
  Crazy Yiuf (D:6)
  An iguana (D:8)
  A hound (D:4)
  A centaur skeleton (D:4)
  A scorpion (D:6)
  14 orc priests
  15 orc wizards
  2 worker ants
  2 big kobold zombies (D:7)
  An ogre zombie (D:5)
  A mummy (D:6)
  7 gnolls
  3 giant mites
  4 adders
  A worm (D:2)
  A scorpion zombie (D:7)
  2 giant eyeballs (D:4)
  6 giant geckos
  5 oozes
  79 orcs
  2 ball pythons
  13 goblins
  16 hobgoblins
  10 jackals
  20 kobolds
  30 bats
  5 giant cockroaches
  6 giant newts
  2 giant spores
  A goblin zombie (D:5)
  A jackal skeleton (D:8)
  A kobold skeleton (D:4)
  4 quokkas
  17 rats
  3 ballistomycetes (D:7)
340 creatures vanquished.

Vanquished Creatures (others)
  A necrophage (D:6)
  A warg (Orc:3)
  An iguana (D:7)
  3 orcs
  A jackal (D:6)
  A giant spore (D:7)
  2 spectral orcs (Orc:2)
10 creatures vanquished.

Grand Total: 350 creatures vanquished

Notes
Turn   | Place    | Note
--------------------------------------------------------------
     0 | D:1      | Econoterrorist, the Spriggan Enchanter, began the quest for the Orb.
     0 | D:1      | Reached XP level 1. HP: 9/9 MP: 4/4
   198 | D:1      | Reached skill level 4 in Stealth
   586 | D:1      | Reached XP level 2. HP: 13/13 MP: 6/6
   602 | D:1      | Learned a level 2 spell: Ensorcelled Hibernation
   694 | D:1      | Reached skill level 5 in Stealth
   881 | D:1      | Reached XP level 3. HP: 16/16 MP: 9/9
  1058 | D:1      | Reached skill level 6 in Stealth
  1320 | D:2      | Reached XP level 4. HP: 21/21 MP: 6/11
  1447 | D:2      | Reached skill level 7 in Stealth
  1600 | D:2      | Found a shimmering altar of Xom.
  1703 | D:2      | Learned a level 3 spell: Confuse
  2098 | D:3      | Reached XP level 5. HP: 24/24 MP: 7/16
  2918 | D:4      | Paralysed by a giant eyeball for 2 turns
  2927 | D:4      | Noticed Sigmund
  3195 | D:4      | Reached skill level 5 in Spellcasting
  3221 | D:4      | Paralysed by a giant eyeball for 4 turns
  3222 | D:4      | Noticed an ogre
  3261 | D:4      | Killed an ogre
  3261 | D:4      | Reached XP level 6. HP: 18/28 MP: 2/20
  3457 | D:4      | Found a glowing golden altar of the Shining One.
  3457 | D:4      | Noticed a phantom
  3496 | D:4      | Killed a phantom
  3602 | D:4      | Killed Sigmund
  3804 | D:4      | Reached XP level 7. HP: 24/32 MP: 12/22
  3848 | D:4      | Found a snail-covered altar of Cheibriados.
  3849 | D:4      | Found a white marble altar of Elyvilon.
  3997 | D:5      | Entered Level 5 of the Dungeon
  4313 | D:5      | Reached skill level 5 in Short Blades
  4773 | D:5      | Found a sparkling altar of Nemelex Xobeh.
  5105 | D:5      | Found an ancient bone altar of Kikubaaqudgha.
  5116 | D:5      | Became a worshipper of Kikubaaqudgha
  5350 | D:6      | Noticed Eustachio
  5356 | D:6      | Killed Eustachio
  5356 | D:6      | Reached skill level 5 in Hexes
  5356 | D:6      | Reached XP level 8. HP: 36/36 MP: 19/24
  5366 | D:6      | Identified a -2 rod of frigid destruction (14/14) (You found it on level 6 of the Dungeon)
  5614 | D:6      | Noticed Crazy Yiuf
  5626 | D:6      | Killed Crazy Yiuf
  6103 | D:6      | Found a staircase to the Ecumenical Temple.
  6241 | D:6      | Reached skill level 8 in Hexes
  6295 | D:6      | Acquired Kikubaaqudgha's first power
  6295 | D:6      | Received a gift from Kikubaaqudgha
  6295 | D:6      | Reached skill level 9 in Hexes
  6298 | D:6      | Identified Kikubaaqudgha's Grimoire of Unholy Magic (Kikubaaqudgha gifted it to you on level 6 of the Dungeon)
  6303 | D:6      | Learned a level 3 spell: Vampiric Draining
  6402 | D:6      | Reached skill level 1 in Necromancy
  6741 | D:6      | Learned a level 2 spell: Lethal Infusion
  7199 | D:6      | Reached XP level 9. HP: 17/39 MP: 1/25
  7893 | D:7      | Reached skill level 5 in Necromancy
  8102 | D:7      | Acquired Kikubaaqudgha's second power
  9075 | D:8      | Reached skill level 10 in Hexes
  9099 | D:8      | Found a staircase to the Orcish Mines.
  9291 | D:8      | Reached skill level 11 in Hexes
  9630 | D:8      | Learned a level 6 spell: Invisibility
  9647 | D:8      | Got a slimy long sword
  9648 | D:8      | Identified the long sword of Extinguishment {elec, rC+ Dex+3 Int-2 SInv} (You found it on level 8 of the Dungeon)
 10104 | D:8      | Reached XP level 10. HP: 32/44 MP: 17/27
 10175 | D:8      | Received a gift from Kikubaaqudgha
 10176 | D:8      | Identified Kikubaaqudgha's Incunabulum of Evil (Kikubaaqudgha gifted it to you on level 8 of the Dungeon)
 10199 | D:8      | Reached skill level 12 in Hexes
 10362 | Orc:1    | Entered Level 1 of the Orcish Mines
 10653 | Orc:2    | Found a roughly hewn altar of Beogh.
 10763 | Orc:3    | Noticed an orc knight
 11047 | Orc:3    | HP: 2/44 [orc warrior/orcish trident (18)]
 11060 | Orc:2    | Acquired Kikubaaqudgha's third power
 11173 | Orc:3    | Killed an orc knight
 11737 | Orc:2    | Reached skill level 10 in Spellcasting
 11744 | Orc:2    | Noticed Nergalle
 11863 | Orc:2    | Found Thrugiysh's Antique Weapon Emporium.
 11863 | Orc:2    | Found a flagged portal.
 11863 | Orc:2    | Noticed Sonja
 11865 | Orc:2    | Noticed Harold
 11869 | Orc:2    | Blown up by Sonja

Action                   |  1- 3 |  4- 6 |  7- 9 | 10-12 || total
-------------------------+-------+-------+-------+-------++-------
Melee: Dagger            |   126 |   243 |   656 |   154 ||  1179
       Sabre             |       |       |     8 |       ||     8
 Cast: Corona            |     1 |       |       |       ||     1
       Ensorcelled Hiber |     6 |    75 |   144 |    61 ||   286
       Confuse           |       |     7 |    50 |    11 ||    68
       Vampiric Draining |       |       |     2 |       ||     2
       Invisibility      |       |       |       |     8 ||     8
Evoke: Wand              |       |       |     9 |     4 ||    13
  Use: Potion            |       |     1 |     3 |     4 ||     8
       Scroll            |       |       |     9 |     1 ||    10
 Stab: Sleeping          |    10 |    51 |    88 |    70 ||   219
       Distracted        |       |     1 |       |       ||     1
       Confused          |       |     5 |    29 |     2 ||    36
       Invisible         |       |       |       |    12 ||    12
